 Dungeon Crawl Stone Soup version 0.30-a0-772-g5528072125 (webtiles) character file.

Game seed: 6070847316167505889

2272 octoduck the Firebug (level 9, -1/45 HPs)
             Began as a Deep Elf Fire Elementalist on Feb 12, 2023.
             Was a Priest of Fedhas.
             Slain by Duvessa
             ... wielding a +0 short sword
              (11 damage)
             ... on level 5 of the Dungeon.
             The game lasted 00:26:09 (8565 turns).

octoduck the Firebug (Deep Elf Fire Elementalist)   Turns: 8565, Time: 00:26:10

Health: -1/45      AC:  9    Str:  5    XL:     9   Next: 16%
Magic:  11/24      EV: 32    Int: 25    God:    Fedhas [***...]
Gold:   416        SH:  0    Dex: 21    Spells: 4/14 levels left

rFire   . . .      SeeInvis .    h - +2 short sword (holy)
rCold   . . .      Faith    .    (no shield)
rNeg    . . .      Spirit   .    a - +0 robe
rPois   .          Reflect  .    (no helmet)
rElec   .          Harm     .    c - +2 cloak {Will+}
rCorr   .          Rampage  .    n - +2 pair of gloves
Will    +....                    x - +0 pair of boots
Stlth   ++++                     k - amulet of the acrobat
HPRegen 0.27/turn                l - +6 ring of dexterity
MPRegen 0.19/turn                j - ring of magical power

@: acrobatic
A: no striking features
a: Renounce Religion, Wall of Briars, Grow Ballistomycete


You were on level 5 of the Dungeon.
You worshipped Fedhas.
Fedhas was most pleased with you.
You visited 1 branch of the dungeon, and saw 7 of its levels.

You collected 416 gold pieces.

Inventory:

Hand Weapons
 h - a +2 short sword of holy wrath (weapon)
 m - a +0 short sword of draining
Missiles
 d - 4 atropa-tipped darts
Armour
 a - a +0 robe (worn)
 c - a +2 cloak of willpower (worn)
 n - a +2 pair of gloves (worn)
 u - a +0 scale mail
 x - a +0 pair of boots (worn)
Jewellery
 j - a ring of magical power (right hand)
 k - an amulet of the acrobat (around neck)
 l - a +6 ring of dexterity (left hand)
 p - an amulet of magic regeneration
 C - a ring of resist corrosion
Wands
 q - a wand of light (23)
 B - a wand of digging (1)
 G - a wand of flame (4)
Scrolls
 e - 2 scrolls of teleportation
 f - 2 scrolls of immolation
 r - 2 scrolls of enchant armour
 s - 2 scrolls of fog {unknown}
 y - a scroll of vulnerability {unknown}
 E - a scroll of poison {unknown}
Potions
 b - a potion of magic
 g - a potion of cancellation
 i - 3 potions of curing
 o - a potion of lignification {unknown}
 t - a potion of haste
 v - a potion of invisibility {unknown}
 w - a potion of flight
 z - a potion of attraction {unknown}
 D - a potion of berserk rage {unknown}
 F - a potion of might {unknown}
 H - a potion of mutation


   Skills:
 + Level 7.3 Dodging
 - Level 6.5 Stealth
 - Level 3.0 Spellcasting
 + Level 5.1 Conjurations
 - Level 3.3 Translocations
 + Level 7.6 Fire Magic
 - Level 4.4 Air Magic


You had 4 spell levels left.
You knew the following spells:

 Your Spells              Type           Power      Damage    Failure   Level
a - Foxfire               Conj/Fire      100%       2x1d9     1%          1
b - Scorch                Fire           82%        2d9       1%          2
c - Kindle Blastsparks    Fire/Tloc/Air  58%        2d14      3%          3
d - Flame Wave            Conj/Fire      35%        2d10      8%          4

Your spell library contained the following spells:

 Spells                   Type           Power      Damage    Failure   Level
 Inner Flame              Hex/Fire       22%        N/A       6%          3
 Ignite Poison            Fire/Tmut/Pois 16%        N/A       11%         3
 Sublimation of Blood     Necr           3%         N/A       16%         2
 Wereblood                Tmut           3%         N/A       16%         2
 Portal Projectile        Hex/Tloc       24%        N/A       16%         3
 Call Canine Familiar     Summ           3%         N/A       30%         3
 Leda's Liquefaction      Hex/Erth       1%         N/A       69%         4
 Freezing Cloud           Conj/Ice/Air   9%         6-21      58%         5
 Lee's Rapid Deconstruct  Erth           1%         3d4*      95%         5
 Statue Form              Tmut/Erth      2%         N/A       100%        6
 Summon Hydra             Summ           1%         N/A       100%        7


Dungeon Overview and Level Annotations

Branches:
Dungeon (7/15)             Temple (0/1) D:6

Altars:
Ashenzari
Cheibriados
Elyvilon
Fedhas
Gozag
Kikubaaqudgha
Makhleb
Qazlal
Wu Jian
The Shining One

Annotations:
D:5 Duvessa
D:7 exclusions: boulder beetle and 3 more exclusions


Message History

Confirm with . or Enter, or press ? or * to list all spells.
A cloud of volatile blastsparks flares up around you!
Duvessa hits you but does no damage.
The cloud of blastsparks explodes!
The concussive blast engulfs Duvessa!
Duvessa is moderately wounded.
The concussive blast engulfs you!
You are knocked back by the blast.
Casting: Kindle Blastsparks (dangerous; 3% risk of failure)
Confirm with . or Enter, or press ? or * to list all spells.
A cloud of volatile blastsparks flares up around you!
Duvessa hits you but does no damage. Duvessa attacks as you move away!
Duvessa hits you with a +0 short sword.
The cloud of blastsparks explodes!
The concussive blast engulfs Duvessa!
Duvessa is heavily wounded.
The concussive blast engulfs you but does no damage.
You are knocked back by the blast.
Casting: Kindle Blastsparks (dangerous; 3% risk of failure)
Confirm with . or Enter, or press ? or * to list all spells.
Flames lash Duvessa.
Duvessa is severely wounded.
Duvessa's fire resistance burns away.
Duvessa rages.
Duvessa closely misses you. Duvessa closely misses you.
Casting: Scorch (safe; 1% risk of failure)
Confirm with . or Enter, or press ? or * to list all spells.
You conjure some foxfire!
Duvessa barely misses you. Duvessa hits you with a +0 short sword.
The foxfire hits Duvessa.
Duvessa is burned terribly!
Duvessa is almost dead.
Duvessa completely misses you.
Casting: Foxfire (safe; 1% risk of failure)
Confirm with . or Enter, or press ? or * to list all spells.
You conjure some foxfire!
Duvessa hits you with a +0 short sword! Duvessa hits you with a +0 short sword.
* * * LOW HITPOINT WARNING * * *
The foxfire hits Duvessa but does no damage.
Duvessa is almost dead.
Duvessa hits you with a +0 short sword!
You die...
Fedhas appreciates your contribution to the ecosystem.

#.# ## ###### #.# .e......
####.###.##.##....
#..).....##.##.###
#.##.##...........
#.##.##..##.......
#.##.....##.##.### ######
#e#####...........
.....###########@......###.##....
#.......#.....############.######
#.##.##.#.###.#### #...#
#.##.##.#.# #....# #...#
#.##......# ####.# #...#
#.#####.### #.# #...# #.#####.##
#.# #...# #........#
#.########...#####
.###.....#######.##...>..........


You could see Duvessa (berserk, combustible).

Vanquished Creatures
  Grinder (D:6)
  2 steam dragons
  A wyvern (D:7)
  An orc warrior (D:7)
  2 sky beasts (D:6)
  2 ogres
  A centaur (D:7)
  2 lemures (D:6)
  Blork the orc (D:6)
  A phantom (D:5)
  5 bullfrogs
  A necrophage (D:4)
  A scorpion (D:5)
  Dowan (D:5)
  2 howler monkeys
  2 jellies (D:6)
  3 hounds
  2 orc priests
  A gnoll bouda (D:7)
  An orc wizard (D:5)
  4 gnolls
  5 adders
  2 shadow imps
  A white imp (D:6)
  An ufetubus (D:5)
  A worm (D:3)
  A dart slug (D:2)
  7 orcs
  5 bats
  6 endoplasms
  7 giant cockroaches
  6 hobgoblins
  2 jackals (D:3)
  2 quokkas
  7 ball pythons
  3 frilled lizards
  9 goblins
  9 kobolds
  6 rats
117 creatures vanquished.

Vanquished Creatures (collateral kills)
  2 foxfires (D:1)
2 creatures vanquished.

Vanquished Creatures (others)
  A butterfly (D:4)
  263 foxfires
  9 fungi (D:4)
  6 plants
  10 toadstools (D:3)
289 creatures vanquished.

Grand Total: 408 creatures vanquished

Notes
Turn   | Place    | Note
-------+----------+-------------------------------------------
     0 | D:1      | octoduck the Deep Elf Fire Elementalist began the quest for
                  | the Orb.
     0 | D:1      | Reached XP level 1. HP: 10/10 MP: 6/6
   466 | D:1      | Reached XP level 2. HP: 15/15 MP: 4/8
   589 | D:1      | Learned a level 2 spell: Scorch
  1128 | D:1      | Found a faded altar of an unknown god.
  1519 | D:1      | Prayed at the altar of an unknown god.
  1519 | D:1      | Became a worshipper of Fedhas Madash
  1519 | D:1      | Reached * piety under Fedhas
  1828 | D:2      | Reached XP level 3. HP: 19/19 MP: 6/9
  2296 | D:2      | Learned a level 3 spell: Kindle Blastsparks
  2960 | D:3      | Reached ** piety under Fedhas
  3116 | D:2      | Identified a scroll of acquirement
  3116 | D:2      | Acquired a +2 cloak of willpower
  3243 | D:3      | Reached XP level 4. HP: 22/24 MP: 1/10
  3510 | D:3      | Found an ornate altar of the Wu Jian Council.
  3576 | D:3      | Reached skill level 1 in Translocations
  3602 | D:3      | Found a blossoming altar of Fedhas.
  3624 | D:3      | Noticed an oklob plant
  3966 | D:4      | Found a white marble altar of Elyvilon.
  4049 | D:4      | Noticed a necrophage
  4483 | D:4      | Found a snail-covered altar of Cheibriados.
  4571 | D:4      | Killed a necrophage
  4572 | D:4      | Reached XP level 5. HP: 28/28 MP: 5/11
  4627 | D:5      | Entered Level 5 of the Dungeon
  4766 | D:5      | Found a burning altar of Makhleb.
  4888 | D:5      | Noticed Dowan
  4995 | D:5      | Noticed a steam dragon
  5230 | D:5      | Noticed a phantom
  5250 | D:5      | Killed a phantom
  5251 | D:5      | Reached skill level 5 in Dodging
  5251 | D:5      | Reached XP level 6. HP: 32/32 MP: 5/12
  5358 | D:5      | Noticed Duvessa
  5481 | D:6      | Found a broken altar of Ashenzari.
  5493 | D:6      | Reached skill level 1 in Air Magic
  5545 | D:6      | Reached skill level 5 in Fire Magic
  5631 | D:6      | Reached *** piety under Fedhas
  5707 | D:6      | Reached XP level 7. HP: 36/36 MP: 8/13
  6146 | D:6      | Found a stormy altar of Qazlal.
  6222 | D:6      | Found a glowing golden altar of the Shining One.
  6241 | D:6      | Noticed Blork the orc
  6301 | D:6      | Killed Blork the orc
  6302 | D:6      | Reached skill level 5 in Stealth
  6575 | D:6      | Found a staircase to the Ecumenical Temple.
  6876 | D:6      | Noticed Grinder
  6899 | D:6      | Killed Grinder
  6900 | D:6      | Reached XP level 8. HP: 41/41 MP: 8/14
  6987 | D:6      | Learned a level 4 spell: Flame Wave
  7575 | D:7      | Noticed a slime creature
  7575 | D:7      | Noticed a cyclops
  7575 | D:7      | Noticed a two-headed ogre
  7576 | D:7      | Noticed a boulder beetle
  7856 | D:7      | Found an opulent altar of Gozag.
  8054 | D:7      | Reached XP level 9. HP: 39/45 MP: 10/15
  8232 | D:5      | Reached skill level 5 in Conjurations
  8362 | D:5      | Found an ancient bone altar of Kikubaaqudgha.
  8553 | D:5      | Killed Dowan
  8565 | D:5      | Slain by Duvessa

Illustrated notes

Levels and vault maps discovered:
D:1:      dpeg_arrival_yet_another_circle, layout_basic,
          dreamdust_ecumenical_altar_statues, minmay_hedge_maze,
          chequers_big_river
D:2:      layout_loops_ring, hangedman_decor_diamond_cutter, wad_orctagon
D:3:      layout_loops_ring, lemuel_tele_altar, tgw_fedhas
D:4:      layout_rooms, nicolae_elyvilon_peaceful_grove,
          mainiacjoe_overflow_alcove_4, corexii_item_surrounded_by_moat
D:5:      layout_loops_cross, mainiacjoe_overflow_alcove_1,
          makhleb_grotto_becter, uniq_duvessa
D:6:      layout_loops_ring, mainiacjoe_overflow_six_doors_small,
          tso_metal_star, mainiacjoe_overflow_surrounded_room,
          minmay_temple_entry_large_hall, roderic_serpentine_path,
          supply_closet_lemuel, uniq_pikel, uniq_grinder, uniq_blork_the_orc
D:7:      nzn_winding_woodlands_cross [nzn_winding_woodlands_5x15_garden,
          nzn_winding_woodlands_5x15_parted,
          nzn_winding_woodlands_5x15_river_crossing,
          nzn_winding_woodlands_5x15_pool, nzn_winding_woodlands_15x15_killbox],
          layout_gridville, lemuel_crystal_altar,
          nicolae_gozag_cash_rules_everything_around_me

Skill      XL: |  1  2  3  4  5  6  7  8  9 |
---------------+----------------------------+-----
Conjurations   | 2 4 5 |  5.1
Dodging        | 3 4 5 6 7 |  7.3
Fire Magic     | 4 5 6 7 |  7.6
Translocations | 2 3 |  3.3
Stealth        | 3 6 |  6.5
Air Magic      | 2 4 |  4.4
Spellcasting   | |  3.0

Action                     |  1- 3 |  4- 6 |  7- 9 || total
---------------------------+-------+-------+-------++-------
  Melee: Short sword       |     3 |       |     1 ||     4
   Cast: Foxfire           |    51 |    51 |    57 ||   159
         Scorch            |    20 |    32 |    32 ||    84
         Kindle Blastspark |       |       |    13 ||    13
         Flame Wave        |       |       |     1 ||     1
  Evoke: Wand              |       |       |     1 ||     1
    Use: Scroll            |     6 |     4 |     4 ||    14
 Armour: Robe              |     4 |    16 |    31 ||    51
  Dodge: Dodged            |    23 |    57 |   127 ||   207

Table legend: (Time is in decaauts)
 A = Elapsed time spent in this place.
 B = Non-inter-level travel time spent in this place.
 C = Inter-level travel time spent in this place.
 D = Time resting spent in this place.
 E = Time spent auto-exploring this place.
 F = Levels seen in this place.
 G = Mean time per level.
                   A        B        C        D        E       F      G
               +--------+--------+--------+--------+--------+-----+--------+
         Total |   8628 |   7584 |   1044 |   2086 |   3793 |   7 | 1232.6 |
       Dungeon |   8628 |   7584 |   1044 |   2086 |   3793 |   7 | 1232.6 |
               +--------+--------+--------+--------+--------+-----+--------+

Top non-repeatable levels by time:
     D:6: 1858 daAuts
     D:1: 1630 daAuts
     D:2: 1361 daAuts
     D:5: 1282 daAuts
     D:3: 1020 daAuts
     D:4: 867 daAuts
     D:7: 608 daAuts
